team 1 (winner)
4v4fEeDeR (
orange | 63 APM | 258 actions | 04:06)
1 Death Knight
1 Death Coil
» actions
| Assign group hotkey | 2 | |
| Basic commands | 8 | |
| Build / train | 9 | |
| ESC pressed | 1 | |
| Enter build submenu | 11 | |
| Enter hero's abilities submenu | 1 | |
| Right click | 94 | |
| Select / deselect | 95 | |
| Select group hotkey | 28 | |
| Use ability | 9 | |
258 total
» units
| Acolyte | 2 | |
| Ghoul | 2 | |
| Crypt Fiend | 3 | |
7 total
» buildings
| Crypt | 2 | |
| Graveyard | 1 | |
| Altar of Darkness | 1 | |
| Ziggurat | 4 | |
| Tomb of Relics | 1 | |
9 total
» build order
00:10 Crypt
00:16 Graveyard
00:41 Altar of Darkness
00:57 Ziggurat
01:45 Tomb of Relics
02:12 Ziggurat
03:10 Crypt
03:11 Ziggurat
03:59 Ziggurat
Zephyd (
yellow | 94 APM | 390 actions | 04:08)
1 Priestess of the Moon
1 Searing Arrows
» actions
| Assign group hotkey | 1 | |
| Build / train | 18 | |
| Enter build submenu | 7 | |
| Enter hero's abilities submenu | 1 | |
| Right click | 215 | |
| Select / deselect | 130 | |
| Select group hotkey | 1 | |
| Use ability | 17 | |
390 total
» units
» buildings
| Moon Well | 3 | |
| Altar of Elders | 1 | |
| Ancient of War | 2 | |
| Hunter's Hall | 1 | |
7 total
» build order
00:06 Moon Well
00:07 Altar of Elders
00:09 Moon Well
00:51 Ancient of War
01:09 Ancient of War
02:28 Hunter's Hall
02:30 Moon Well
team 2 (loser)
NasTiTy (
red | 49 APM | 201 actions | 04:05)
1 Firelord
1 Summon Lava Spawn
» actions
| Basic commands | 14 | |
| Build / train | 16 | |
| Enter build submenu | 7 | |
| Enter hero's abilities submenu | 1 | |
| Remove unit from queue | 2 | |
| Right click | 86 | |
| Select / deselect | 62 | |
| Use ability | 13 | |
201 total
» units
» buildings
| Altar of Elders | 1 | |
| Moon Well | 2 | |
| Ancient of War | 1 | |
| Hunter's Hall | 1 | |
| Tree of Ages | 1 | |
| Ancient Protector | 1 | |
7 total
» build order
00:18 Altar of Elders
00:21 Moon Well
01:01 Ancient of War
02:06 Hunter's Hall
02:13 Moon Well
03:05 Tree of Ages
03:17 Ancient Protector
TiggerNits. (
purple | 75 APM | 307 actions | 04:04)
1 Firelord
1 Summon Lava Spawn
» actions
| Assign group hotkey | 4 | |
| Build / train | 20 | |
| ESC pressed | 1 | |
| Enter build submenu | 12 | |
| Enter hero's abilities submenu | 1 | |
| Right click | 128 | |
| Select / deselect | 87 | |
| Select group hotkey | 40 | |
| Use ability | 14 | |
307 total
» units
» buildings
| Altar of Elders | 1 | |
| Moon Well | 2 | |
| Ancient of War | 3 | |
| Tree of Ages | 2 | |
| Ancient of Wonders | 1 | |
| Hunter's Hall | 1 | |
10 total
» build order
00:11 Altar of Elders
00:17 Moon Well
00:47 Ancient of War
01:35 Moon Well
02:37 Tree of Ages
02:38 Tree of Ages
02:40 Ancient of Wonders
03:19 Hunter's Hall
03:57 Ancient of War
04:00 Ancient of War